 Dungeon Crawl Stone Soup version 0.30-a0-360-g447f084 (webtiles) character file.

Game seed: 14534037680404902485

2669 HDogLeCool the Shield-Bearer (level 9, -1/69 HPs)
             Began as a Demonspawn Fighter on Nov 12, 2022.
             Was a Follower of Makhleb.
             Slain by a hornet (4 damage)
             ... on level 7 of the Dungeon.
             The game lasted 00:16:25 (7417 turns).

HDogLeCool the Shield-Bearer (Demonspawn Fighter)   Turns: 7417, Time: 00:16:26

Health: -1/69      AC: 23    Str: 20    XL:     9   Next: 37%
Magic:  0/9        EV:  5    Int:  9    God:    Makhleb [*.....]
Gold:   404        SH:  6    Dex: 14    Spells: 8/8 levels left

rFire   . . .      SeeInvis +    a - +0 war axe
rCold   . . .      Faith    .    c - +0 buckler
rNeg    + . .      Spirit   +    D - +0 plate armour
rPois   .          Reflect  .    g - +0 helmet
rElec   .          Harm     .    C - +0 cloak
rCorr   +          Rampage  .    (no gloves)
Will    .....                    (no boots)
Stlth   ..........               (no amulet)
HPRegen 0.31/turn                t - ring of see invisible
MPRegen 0.22/turn                A - ring "Uvom" {rN+ rCorr}

@: sanguine armoured, slowed, very slow
A: powered by pain 1, magic shield, magic regeneration, sanguine armour 2,
demonic touch 1
a: Renounce Religion


You were on level 7 of the Dungeon.
You worshipped Makhleb.
Makhleb was aware of your devotion.
You visited 2 branches of the dungeon, and saw 8 of its levels.
You also visited: Ossuary.

You collected 404 gold pieces.

Inventory:

Hand Weapons
 a - a +0 war axe (weapon)
 f - a +1 short sword of venom
Armour
 b - a +0 scale mail
 c - a +0 buckler (worn)
 g - a +0 helmet (worn)
 C - a +0 cloak (worn)
 D - a +0 plate armour (worn)
Jewellery
 j - a ring of flight
 s - a ring of wizardry
 t - a ring of see invisible (left hand)
 v - a +6 ring of intelligence
 x - a ring of protection from cold
 A - the ring "Uvom" (right hand) {rN+ rCorr}
   (You acquired it on level 5 of the Dungeon)

   [ring of resist corrosion]

   rN:        It protects you from negative energy.
   rCorr:     It protects you from acid and corrosion.
Wands
 n - a wand of roots (5)
 E - a wand of mindburst (12)
 G - a wand of paralysis (10)
Scrolls
 e - 2 scrolls of silence
 i - a scroll of brand weapon
 o - a scroll of amnesia
 p - a scroll of fear
 q - 2 scrolls of teleportation
 r - 2 scrolls of poison {unknown}
 y - a scroll of torment
 B - 2 scrolls of blinking
 I - a scroll of enchant weapon {unknown}
Potions
 d - a potion of might
 h - 2 potions of mutation
 k - a potion of cancellation {unknown}
 l - 2 potions of degeneration {unknown}
 m - a potion of magic {unknown}
 u - 3 potions of attraction
 w - 4 potions of curing
 F - a potion of lignification {unknown}
 H - a potion of berserk rage {unknown}


   Skills:
 + Level 6.2 Fighting
 * Level 7.0 Axes
 + Level 5.3 Armour
 * Level 7.2 Shields


You had 8 spell levels left.
You didn't know any spells.
Your spell library contained the following spells:

 Spells                   Type           Power      Damage    Failure   Level
 Apportation              Tloc           0%         N/A       100%        1
 Necrotise                Necr           0%         1d4       100%        1
 Summon Small Mammal      Summ           0%         N/A       100%        1
 Gell's Gravitas          Tloc           0%         N/A       100%        3
 Lesser Beckoning         Tloc           0%         N/A       100%        3
 Ozocubu's Armour         Ice            0%         N/A       100%        3
 Portal Projectile        Hex/Tloc       0%         N/A       100%        3
 Teleport Other           Tloc           0%         N/A       100%        3
 Tukima's Dance           Hex            0%         N/A       100%        3
 Blade Hands              Tmut           0%         N/A       100%        5
 Iskenderun's Battlesphe  Conj           0%         2d6       100%        5
 Metabolic Englaciation   Hex/Ice        0%         N/A       100%        5
 Iron Shot                Conj/Erth      0%         9d1       100%        6
 Simulacrum               Ice/Necr       0%         N/A       100%        6
 Spellforged Servitor     Conj/Summ      0%         N/A       100%        7


Dungeon Overview and Level Annotations

Branches:
Dungeon (7/15)             Temple (1/1) D:5         Ossuary (visited)

Altars:
Ashenzari
Cheibriados
Dithmenos
Fedhas
Gozag
Hepliaklqana
Kikubaaqudgha
Makhleb
Nemelex Xobeh
Okawaru
Qazlal
Ru
Sif Muna
Trog
Uskayaw
Vehumet
Wu Jian
Xom
Yredelemnul

Annotations:
D:5 2 transporters, Caerwyn's ghost, novice KoEn


Innate Abilities, Weirdness & Mutations

You sometimes gain a little power by taking damage.
When hurt, damage is shared between your health and your magic reserves.
You regenerate magic rapidly.
When seriously injured, your blood forms thick armour. (AC +9)
Your touch may inflict minor irresistible damage on your foes.


Message History

You feel very sick. The hornet stings you.
You suddenly lose the ability to move!
The hornet stings you.
You shrug off the repeated paralysis!
You can move again.
You feel better. The hornet stings you!
You feel as though you will be slow longer.
The hornet stings you but does no damage.
You slash the hornet!
The hornet is moderately wounded.
The hornet stings you but does no damage. x3
You hit the hornet.
The hornet is moderately wounded.
The hornet stings you but does no damage.
The hornet stings you!
* * * LOW HITPOINT WARNING * * *
You feel as though you will be slow longer.
You completely miss the hornet.
The hornet is moderately wounded.
You block the hornet's attack. The hornet stings you!
* * * LOW HITPOINT WARNING * * *
You focus on the pain.
You feel your power returning.
You suddenly lose the ability to move!
The hornet stings you but does no damage.
You can move again.
You closely miss the hornet.
The hornet is moderately wounded.
The hornet stings you but does no damage.
The hornet stings you!
* * * LOW HITPOINT WARNING * * *
You feel as though you will be slow longer.
The hornet barely misses you.
You barely miss the hornet.
The hornet is moderately wounded.
The hornet stings you but does no damage.
You block the hornet's attack.
You barely miss the hornet.
The hornet is moderately wounded.
The hornet stings you but does no damage.
You block the hornet's attack. The hornet stings you.
You die...

#..# ##....# ##........#
#..##......# ###..#...##
#.)#...#...###...####.##
#......#.....##..# #...
.................###....#
.#....###.#..............
###...# #...............
# #..###...............#
####............@......#
.###.....#.#....y.......
..#...######.........##.
......# #.....$....#
....#.# #......!.....
..###.# ##..........#.
.## .# ###|^.....## ..#
.. ##...#... .## ..
............#


You could see a hornet.

Vanquished Creatures
  A troll (D:6)
  A water moccasin (D:5)
  2 black bears (D:6)
  An ice beast (D:5)
  A sky beast (D:7)
  4 ogres
  A centaur (D:5)
  2 phantoms (D:5)
  A kobold brigand (D:7)
  2 scorpions
  A necrophage (D:7)
  4 water moccasin zombies (Ossuary)
  A howler monkey (D:5)
  6 hounds
  4 jellies
  An orc priest (D:3)
  A gnoll bouda (D:5)
  4 iguanas
  4 orc wizards
  3 mummies
  7 gnolls
  10 adders
  2 shadow imps (D:6)
  3 ufetubi
  5 adder zombies (Ossuary)
  2 dart slugs
  20 orcs
  5 endoplasms
  4 giant cockroaches
  5 gnoll zombies (Ossuary)
  2 goblins (D:4)
  11 hobgoblins
  13 kobolds
  6 ball pythons
  3 frilled lizards
  7 hobgoblin zombies (Ossuary)
  2 kobold zombies (Ossuary)
  3 orc zombies (Ossuary)
  A rat (D:1)
  A spectral goblin (D:1)
157 creatures vanquished.

Vanquished Creatures (others)
  7 plants (D:5)
7 creatures vanquished.

Grand Total: 164 creatures vanquished

Notes
Turn   | Place    | Note
-------+----------+-------------------------------------------
     0 | D:1      | HDogLeCool the Demonspawn Fighter began the quest for the
                  | Orb.
     0 | D:1      | Reached XP level 1. HP: 18/18 MP: 1/1
    69 | D:1      | Found a faded altar of an unknown god.
   117 | D:1      | Gained mutation: When seriously injured, your blood forms
                  | armour. (AC +9) [demonic ancestry]
   117 | D:1      | Reached XP level 2. HP: 24/24 MP: 2/2
   693 | D:2      | Reached XP level 3. HP: 29/29 MP: 3/3
  1103 | D:2      | Reached XP level 4. HP: 6/37 MP: 4/4
  2037 | D:3      | Gained mutation: You regenerate magic rapidly. [demonic
                  | ancestry]
  2037 | D:3      | Reached XP level 5. HP: 23/42 MP: 5/5
  2668 | D:4      | Found a sand-covered staircase.
  2728 | Ossuary  | Entered an ossuary
  2808 | Ossuary  | Gained mutation: Your touch may inflict minor irresistible
                  | damage on your foes. [demonic ancestry]
  2808 | Ossuary  | Reached XP level 6. HP: 34/48 MP: 6/6
  3207 | D:4      | Gained mutation: When hurt, damage is shared between your
                  | health and your magic reserves. [demonic ancestry]
  3207 | D:4      | Reached XP level 7. HP: 29/55 MP: 7/7
  3408 | D:4      | Found a basalt altar of Yredelemnul.
  3916 | D:4      | Reached skill level 5 in Shields
  4138 | D:5      | Entered Level 5 of the Dungeon
  4289 | D:5      | Identified a scroll of acquirement
  4289 | D:5      | Acquired the ring "Uvom" {rN+ rCorr}
  4457 | D:5      | Reached skill level 5 in Axes
  4464 | D:5      | Reached skill level 5 in Fighting
  4546 | D:5      | Gained mutation: When seriously injured, your blood forms
                  | thick armour. (AC +9) [demonic ancestry]
  4546 | D:5      | Reached XP level 8. HP: 38/62 MP: 5/8
  4977 | D:5      | Identified the +0 scale mail "Ganettuv" {+Inv MP-9 Slay+2}
  5016 | D:5      | Found a transporter.
  5016 | D:5      | Found a transporter.
  5026 | D:5      | Noticed Caerwyn's ghost (novice KoEn)
  5193 | D:5      | Found a staircase to the Ecumenical Temple.
  5269 | Temple   | Entered the Ecumenical Temple
  5521 | Temple   | Became a worshipper of Makhleb the Destroyer
  6117 | D:6      | Noticed a troll
  6148 | D:6      | Killed a troll
  6149 | D:6      | Reached skill level 5 in Armour
  6349 | D:6      | Gained mutation: You sometimes gain a little power by
                  | taking damage. [demonic ancestry]
  6349 | D:6      | Reached XP level 9. HP: 69/69 MP: 9/9
  7371 | D:7      | Reached * piety under Makhleb
  7401 | D:7      | Paralysed by a hornet for 3 turns
  7410 | D:7      | Paralysed by a hornet for 1 turns
  7414 | D:7      | Paralysed by a hornet for 1 turns
  7415 | D:7      | HP: 2/69 [hornet (3)]
  7417 | D:7      | Slain by a hornet

Illustrated notes

Levels and vault maps discovered:
D:1:      eino_arrival_cavern_d, layout_rooms,
          dreamdust_ecumenical_altar_drowned_temple, serial_corexii_hall,
          chequers_hall_statues_corner_a, corexii_hall_statues_x,
          patterned_corridor
D:2:      layout_loops_corners, minmay_pentomino_w2
D:3:      layout_basic
D:4:      layout_basic, mainiacjoe_overflow_concentric_impassable,
          gup_ossuary_entry_pyramid
D:5:      layout_loops_ring, minmay_temple_entry_overgrown,
          gammafunk_ghost_gnarly_gnolls, minivault_4
D:6:      layout_basic
D:7:      layout_cave_pools, grunt_decor_resistance
Temple:   regret_index_temple_sigil_plot

Skill      XL: |  1  2  3  4  5  6  7  8  9 |
---------------+----------------------------+-----
Axes           | 2 3 4 5 6 7 |  7.0
Shields        | 3 4 5 6 7 |  7.2
Armour         | 3 4 5 |  5.3
Fighting       | 4 5 6 |  6.2

Action                   |  1- 3 |  4- 6 |  7- 9 || total
-------------------------+-------+-------+-------++-------
Melee: War axe           |    64 |   238 |   359 ||   661
       Short sword       |     2 |       |       ||     2
  Use: Potion            |     1 |       |     4 ||     5
       Scroll            |       |     9 |     5 ||    14
Armor: Scale mail        |    18 |    96 |    85 ||   199
       Plate armour      |       |       |   216 ||   216
Dodge: Dodged            |    33 |   110 |   128 ||   271
Block: Buckler           |    14 |    47 |   106 ||   167

Table legend: (Time is in decaauts)
 A = Elapsed time spent in this place.
 B = Non-inter-level travel time spent in this place.
 C = Inter-level travel time spent in this place.
 D = Time resting spent in this place.
 E = Time spent auto-exploring this place.
 F = Levels seen in this place.
 G = Mean time per level.
                   A        B        C        D        E       F      G
               +--------+--------+--------+--------+--------+-----+--------+
         Total |   7636 |   7325 |    311 |    734 |   5049 |   9 |  848.4 |
       Dungeon |   7038 |   6747 |    291 |    734 |   4734 |   7 | 1005.4 |
        Temple |    273 |    253 |     20 |      0 |    188 |   1 |  273.0 |
       Ossuary |    324 |    324 |      0 |      0 |    127 |   1 |  324.0 |
               +--------+--------+--------+--------+--------+-----+--------+

Top non-repeatable levels by time:
     D:4: 1376 daAuts
     D:5: 1342 daAuts
     D:6: 1180 daAuts
     D:3: 991 daAuts
     D:2: 977 daAuts
     D:1: 744 daAuts
     D:7: 425 daAuts
 Ossuary: 324 daAuts
  Temple: 273 daAuts
